Map: Traitor's Exile

Players

Alcewere

  • Race: Terran Terran
  • League: Platinum
  • Spawn Location: 12:00

Raizen

  • Race: Zerg Zerg
  • Spawn Location: 9:00

Throwfordays - Winner!

  • Race: Protoss Protoss
  • League: Silver
  • Spawn Location: 6:00

Faust - Winner!

  • Race: Zerg Zerg
  • League: Diamond
  • Spawn Location: 5:00

VOD

Have the link to the VOD?

Description

Time

  • Played on: March 30, 2019, 11:52 p.m.
  • Length: 3:09
Show
View Real Time Build Order
Export as new Build Order

Alcewere Terran 

Build Orders:  

Get SALT Encoding   

  12  0:04  SCV  
  13  0:21  Supply Depot  
  13  0:50  Barracks  
  13  0:58  Barracks  
  13  1:30  Barracks  
  13  1:36  Marine  
  14  1:45  Marine  
  15  1:51  Supply Depot  
  15  1:52  Barracks  
  15  1:56  Marine  
  16  2:04  Marine  
  17  2:14  Marine  
  18  2:16  Marine  
  19  2:28  Bunker  
  19  2:30  Bunker  
  19  2:31  Marine  
Show
View Real Time Build Order
Export as new Build Order

Raizen Zerg 

Build Orders: 1 Base Baneling Bust, Pool Only 

Get SALT Encoding   

  12  0:03  Drone  
  13  0:23  Spawning Pool  
  13  0:28  Extractor  
  11  0:30  Drone  
  12  0:44  Drone x2  
  14  0:50  Overlord  
  14  1:08  Overlord  
  15  1:11  Drone  
  15  1:16  Queen  
  17  1:37  Zergling x4  
  19  1:46  Drone  
  20  2:00  Zergling x2  
  21  2:15  Zergling x4  
  23  2:29  Zergling x8  
  27  2:40  Zergling x2  
  27  2:41  Baneling Nest  
Show
View Real Time Build Order
Export as new Build Order

Throwfordays Protoss - Winner!

Build Orders: Cannon Rush 

Get SALT Encoding   

  12  0:00  Probe  
  13  0:12  Probe  
  14  0:23  Pylon  
  14  0:25  Probe  
  15  0:46  Gateway  
  15  0:50  Probe  
  15  0:52  Forge  
  16  0:58  Probe  
  17  1:37  Pylon  
  17  1:46  Pylon  
  17  1:50  Photon Cannon  
  17  1:53  Photon Cannon  
  17  1:55  Photon Cannon  
  17  1:57  Photon Cannon  
  17  2:01  Photon Cannon  
  17  2:09  Photon Cannon  
  17  2:19  Photon Cannon  
  17  2:28  Photon Cannon  
Show
View Real Time Build Order
Export as new Build Order

Faust Zerg - Winner!

Build Orders: Hatch First 

Get SALT Encoding   

  12  0:01  Drone  
  13  0:09  Drone  
  14  0:15  Extractor  
  14  0:16  Drone  
  15  0:23  Overlord  
  15  0:41  Drone x2  
  17  0:56  Hatchery  
  16  0:58  Drone  
  17  1:06  Drone  
  17  1:08  Extractor  
  17  1:20  Spawning Pool  
  17  1:25  Drone  
  17  1:29  Drone  
  17  1:30  Drone  
  19  1:56  Overlord  
  19  2:08  Zergling x4, Queen  
  21  2:09  Queen  
  25  2:17  Zergling x2  
  25  2:22  Zergling x2  
  27  2:24  Zergling x2  
  28  2:34  Baneling Nest, Drone  
  28  2:39  Drone  
Tags
 
Add a new tag
Caveats
  • Supply blocks, unpowered buildings, or Contaminate may cause inaccurate times.
  • Supply counts are checked every 10 seconds.